 Dungeon Crawl Stone Soup version 0.21.1-1-g345015f (webtiles) character file.

409 vatarom the Covered (level 7, 0/75 HPs)
             Began as a Formicid Gladiator on May 8, 2018.
             Succumbed to a scorpion's poison
             ... on level 6 of the Dungeon.
             The game lasted 00:06:34 (3124 turns).

vatarom the Covered (Formicid Gladiator)            Turns: 3124, Time: 00:06:35

Health: 0/75       AC: 23    Str: 18    XL:     7   Next: 13%
Magic:  7/7        EV:  2    Int:  9    God:
Gold:   121        SH:  0    Dex: 13    Spells: 6/6 levels left

rFire    . . .     SeeInvis .   a - +0 quarterstaff
rCold    . . .     Gourm    .   (no shield)
rNeg     + + +     Faith    .   (armour currently unavailable)
rPois    +         Spirit   .   (helmet unavailable)
rElec    .         Reflect  .   (cloak currently unavailable)
rCorr    .         Harm     .   (gloves currently unavailable)
MR       .....                  (boots currently unavailable)
Stlth    +.........             (no amulet)
HPRegen  0.22/turn              (no ring)
MPRegen  0.10/turn              (no ring)

@: lethally poisoned (0 -> -7), tree-form
A: permanent stasis, dig shafts and tunnels, four strong arms
a: no special abilities


You were on level 6 of the Dungeon.
You were not hungry.
You were a tree.
You visited 1 branch of the dungeon, and saw 4 of its levels.

You collected 121 gold pieces.

Inventory:

Hand Weapons
 a - a +0 quarterstaff (weapon)
Missiles
 c - 3 throwing nets (quivered)
 n - 5 tomahawks
Armour
 b - a +0 leather armour (melded)
 h - a +2 pair of boots (melded)
Scrolls
 e - 3 scrolls of magic mapping {unknown}
 f - 5 scrolls of identify {unknown}
 g - 2 scrolls of remove curse {unknown}
 k - 3 scrolls of fear {unknown}
 l - a scroll of teleportation {unknown}
 o - a scroll of immolation {unknown}
 p - a scroll of blinking {unknown}
Comestibles
 d - 2 rations
 j - 7 chunks of flesh


   Skills:
 - Level 2.2 Fighting
 + Level 4.9 Staves
 - Level 2.0 Throwing
 * Level 5.8 Armour
 - Level 2.8 Dodging


You had 6 spell levels left.
You didn't know any spells.

Dungeon Overview and Level Annotations

Branches:
Dungeon (3/15)

Altars:
Kikubaaqudgha
Makhleb
Ru
Sif Muna
Trog


Innate Abilities, Weirdness & Mutations

You cannot be hasted, slowed, berserked, paralysed or teleported.
You can dig through walls and to a lower floor.
Your four strong arms can wield two-handed weapons with a shield.
((You have a pair of large antennae on your head. (SInv)))


Message History

Your +0 leather armour melds into your body.
Your roots penetrate the ground.
* * * LOW HITPOINT WARNING * * *
You feel sick.
The scorpion stings you but does no damage.
You closely miss the scorpion.
The scorpion is almost dead.
* * * LOW HITPOINT WARNING * * *
You feel sick.
The scorpion stings you but does no damage.
You hit the scorpion but do no damage.
The scorpion is almost dead.
* * * LOW HITPOINT WARNING * * *
You feel sick.
The scorpion stings you but does no damage.
Unknown command.
You hit the scorpion.
You kill the scorpion!
You have reached level 7!
You die...

#.# #.# ##.# #.###
...# #...# ####
###.# #.#
######### #.#
........# #.#
#######.# #.#
####.###### #♣#
#.............#
#.##.#######..#
#.##.# #..# #.##.#
#..# ##.##.###
#..# ###...#...#
#..# .....<....#
#..#
###...###.#####...


There were no monsters in sight!

Vanquished Creatures
  A bullfrog (D:6)
  2 scorpions (D:6)
  A crimson imp (D:6)
  2 hounds
  2 orc wizards
  A hound zombie (D:6)
  An adder (D:2)
  A shadow imp (D:6)
  An ooze (D:2)
  3 worms
  3 leopard geckos
  9 orcs
  4 giant cockroaches
  4 goblins
  8 hobgoblins
  3 quokkas (D:2)
  A ball python (D:3)
  A bat (D:2)
  5 frilled lizards
  8 kobolds
  4 rats
65 creatures vanquished.

Notes
Turn   | Place    | Note
-------+----------+-------------------------------------------
     0 | D:1      | vatarom the Formicid Gladiator began the quest for the Orb.
     0 | D:1      | Reached XP level 1. HP: 16/16 MP: 1/1
   223 | D:1      | Reached XP level 2. HP: 22/22 MP: 2/2
   405 | D:1      | Reached skill level 1 in Armour
   717 | D:1      | Reached XP level 3. HP: 27/27 MP: 3/3
   981 | D:2      | Found a sacrificial altar of Ru.
   988 | D:2      | Reached skill level 2 in Armour
   988 | D:2      | Reached XP level 4. HP: 33/33 MP: 4/4
  1477 | D:2      | Reached skill level 3 in Armour
  1671 | D:2      | Reached XP level 5. HP: 36/38 MP: 5/5
  1681 | D:2      | Found a burning altar of Makhleb.
  1787 | D:2      | Found an ancient bone altar of Kikubaaqudgha.
  2141 | D:3      | Noticed an orc warrior
  2778 | D:3      | You fall through a shaft for 3 floors!
  2799 | D:6      | Reached skill level 4 in Armour
  2833 | D:6      | Noticed a bullfrog
  2845 | D:6      | Killed a bullfrog
  2845 | D:6      | Reached XP level 6. HP: 37/44 MP: 6/6
  2851 | D:6      | Reached skill level 5 in Armour
  2903 | D:6      | Found a deep blue altar of Sif Muna.
  3003 | D:6      | Found a bloodstained altar of Trog.
  3120 | D:6      | HP: 2/44 [poisoned by a scorpion]
  3124 | D:6      | Reached XP level 7. HP: 1/50 MP: 7/7
  3124 | D:6      | Succumbed to a scorpion's poison

Skill      XL: |  1  2  3  4  5  6 |
---------------+-------------------+-----
Armour         | 1 2 3 4 5 |  5.8
Staves         | 4 |  4.9
Fighting       | |  2.2
Throwing       | |  2.0
Dodging        | |  2.8

Action                   |  1- 3 |  4- 6 |  7- 9 || total
-------------------------+-------+-------+-------++-------
Melee: Quarterstaff      |    55 |   190 |       ||   245
 Abil: Dig               |     4 |     1 |       ||     5
       Shaft Self        |       |     1 |       ||     1
  Use: Potion            |       |     4 |       ||     4
 Stab: Invisible         |       |     1 |       ||     1
       Paralysed         |       |     1 |       ||     1
       Sleeping          |       |     1 |       ||     1
  Eat: Chunk             |       |     5 |       ||     5
       Ration            |       |     1 |       ||     1
Armor: Leather armour    |    13 |    64 |       ||    77
       Skin              |       |     3 |       ||     3
Dodge: Dodged            |    41 |   119 |       ||   160
